 Dungeon Crawl Stone Soup version 0.29.1-1-gd02db6906a (webtiles) character file.

Game seed: 230861513886013882

82600 LabCoat the Severer (level 15, -5/138 HPs)
             Began as a Hill Orc Fighter on Sept 18, 2022.
             Was the Champion of Trog.
             Killed by divine providence
             ... invoked by a meliai
             ... summoned by a boggart
              (8 damage)
             ... on level 15 of the Dungeon.
             The game lasted 01:18:21 (26532 turns).

LabCoat the Severer (Hill Orc Fighter)             Turns: 26532, Time: 01:18:22

Health: -5/138     AC: 30    Str: 33    XL:     15   Next: 74%
Magic:  15/15      EV:  7    Int: 10    God:    Trog [******]
Gold:   1581       SH: 15    Dex:  5    Spells: 14/14 levels left

rFire   . . .      SeeInvis .   h - +6 war axe (flame)
rCold   . . .      Faith    .   b - +0 kite shield
rNeg    . . .      Spirit   .   n - +4 plate armour
rPois   .          Reflect  +   (no helmet)
rElec   +          Harm     .   c - +1 cloak
rCorr   .          Rampage  .   p - +0 pair of gloves
Will    +++..                   a - +1 pair of boots
Stlth   ..........              F - amulet of reflection
HPRegen 0.33/turn               R - +6 ring of strength
MPRegen 0.14/turn               z - ring of Pyplumid {rElec Will++ AC+4 Int+2 Dex-3}

@: on berserk cooldown, hasted and slowed
A: clumsy 1
a: Renounce Religion, Berserk, Trog's Hand, Brothers in Arms


You were on level 15 of the Dungeon.
You worshipped Trog.
Trog was exalted by your worship.
You visited 4 branches of the dungeon, and saw 23 of its levels.

You collected 2035 gold pieces.
You spent 454 gold pieces at shops.

Inventory:

Hand Weapons
 h - a +6 war axe of flaming (weapon)
 t - a +1 vorpal battleaxe
 H - a +0 battleaxe
 L - a +3 morningstar
 P - a +0 battleaxe
Missiles
 o - 8 poisoned darts (quivered)
 U - 2 javelins
Armour
 a - a +1 pair of boots (worn)
 b - a +0 kite shield (worn)
 c - a +1 cloak (worn)
 n - a +4 plate armour (worn)
 p - a +0 pair of gloves (worn)
Jewellery
 i - a ring of flight
 m - an amulet of guardian spirit
 r - a ring of protection from cold
 y - a ring of fire
 z - the ring of Pyplumid (right hand) {rElec Will++ AC+4 Int+2 Dex-3}
   (You found it on level 4 of the Dungeon)

   [ring of protection]

   AC:        It affects your AC (+4).
   Int:       It affects your intelligence (+2).
   Dex:       It affects your dexterity (-3).
   rElec:     It insulates you from electricity.
   Will:      It greatly increases your willpower.
 F - an amulet of reflection (around neck)
 G - a ring of protection from cold
 J - an amulet of magic regeneration
 R - a +6 ring of strength (left hand)
 S - a ring of poison resistance
Wands
 g - a wand of polymorph (2)
 v - a wand of flame (21)
 I - a wand of roots (13)
 K - a wand of paralysis (11)
 Q - a wand of digging (4)
Scrolls
 d - 3 scrolls of poison
 f - 2 scrolls of magic mapping
 k - 3 scrolls of identify
 l - 12 scrolls of teleportation
 s - a scroll of silence
 u - 2 scrolls of amnesia
 x - a scroll of summoning
Potions
 e - 5 potions of lignification
 j - 3 potions of might
 q - a potion of brilliance
 w - 2 potions of cancellation
 A - a potion of ambrosia {unknown}
 B - a potion of magic
 C - a potion of resistance
 D - a potion of haste
 E - a potion of invisibility
 N - 4 potions of curing
 O - 2 potions of flight


   Skills:
 * Level 14.0 Fighting
 - Level 18.0 Axes
 - Level 10.0 Throwing
 + Level 12.3 Armour
 + Level 12.3 Shields
 + Level 10.7 Evocations


You had 14 spell levels left.
You didn't know any spells.
Your spell library contained the following spells:

 Spells                   Type           Power      Damage    Failure   Level
 Necrotise                Necr           0%         1d4       99%         1
 Gell's Gravitas          Tloc           0%         N/A       100%        3
 Stone Arrow              Conj/Erth      0%         3d7       100%        3
 Teleport Other           Tloc           0%         N/A       100%        3
 Vampiric Draining        Necr           0%         2d6       100%        3
 Animate Armour           Summ/Erth      0%         N/A       100%        4
 Summon Ice Beast         Ice/Summ       0%         N/A       100%        4
 Summon Lightning Spire   Summ/Air       0%         N/A       100%        4
 Agony                    Necr           0%         N/A       100%        5
 Freezing Cloud           Conj/Ice/Air   0%         6-21      100%        5
 Summon Mana Viper        Hex/Summ       0%         N/A       100%        5
 Dispersal                Tloc           0%         N/A       100%        6
 Simulacrum               Ice/Necr       0%         N/A       100%        6
 Monstrous Menagerie      Summ           0%         N/A       100%        7
 Storm Form               Tmut/Air       0%         N/A       100%        7
 Lehudib's Crystal Spear  Conj/Erth      0%         10d2      100%        8
 Maxwell's Capacitive Co  Air            0%         ∞         100%        8
 Polar Vortex             Ice            0%         N/A       100%        9


Dungeon Overview and Level Annotations

Branches:
Dungeon (15/15)            Temple (1/1) D:7            Lair (5/5) D:11
 Shoals (0/4) Lair:3        Snake (0/4) Lair:2        Slime (0/5) Lair:4
    Orc (2/2) D:10            Elf (0/3) Orc:2        Vaults (0/5) D:14
 Depths: D:15

Altars:
Ashenzari
Cheibriados
Dithmenos
Elyvilon
Fedhas
Gozag
Hepliaklqana
Kikubaaqudgha
Makhleb
Nemelex Xobeh
Okawaru
Qazlal
Ru
Sif Muna
Trog
Uskayaw
Vehumet
Wu Jian
Xom
Yredelemnul
Zin
The Shining One
Beogh
Jiyva

Shops:
D:7 =   D:9 :   D:10 (:(([   D:13 !   Orc:2 *[:!!

Portals:
Trove: D:10 (give +3 shadow dragon scales)

Annotations:
D:8 2 transporters, ababab's ghost, novice FeEn
D:15 exclusion: orange crystal statue
Lair:1 3 runed translucent doors, Bauqient's ghost, journeyman MfSu; Ordine's ghost, novice FeSu; dvd2's ghost, novice SpEE
Lair:4 2 runed translucent doors, Nubia's ghost, journeyman GnEn
Lair:5 exclusion: obsidian statue


Innate Abilities, Weirdness & Mutations

You are clumsy. (Dex -2)


Message History

* * * LOW HITPOINT WARNING * * *
You slice the meliai!! You burn the meliai.
You kill the meliai!
The meliai's corpse dissolves into shadows!
The boggart casts a spell.
The boggart flickers and vanishes!
Deactivating autopickup; reactivate with Ctrl-A.
You feel a strong urge to attack something.
The meliai mumbles some strange prayers to its god against you.
Something smites you!
* * * LOW HITPOINT WARNING * * *
The meliai hits you but does no damage. You block the meliai's attack.
You are too berserk!
You are too berserk!
The meliai attacks as you move away! You block the meliai's attack.
The meliai stings you but does no damage.
You feel your anger nearly subside.
You are no longer berserk.
You are exhausted.
You feel yourself slow down.
The meliai invokes the aid of its god against you.
Something smites you!
* * * LOW HITPOINT WARNING * * *
You feel yourself speed up. You block the meliai's attack. x3
The meliai stings you.
* * * LOW HITPOINT WARNING * * *
The meliai hits you but does no damage. The meliai barely misses you.
The meliai attacks as you move away! The meliai hits you but does no damage.
You block the meliai's attack.
The meliai seems to regain its courage.
You block the meliai's attack. x2
The meliai calls down the wrath of its god upon you.
Something smites you!
* * * LOW HITPOINT WARNING * * *
Things that are here:
a hydra corpse; a hydra corpse The meliai attacks as you move away!
You block the meliai's attack. The meliai barely misses you.
The meliai hits you but does no damage. The meliai barely misses you.
The meliai invokes the aid of its god against you.
Something smites you!
You die...

#.# ######.# #......## #
# #.###...# #. #.#.#
#(..# #.#.# #.#.###...#
#....## #...^.....##
###.###.########y####...#
#.....#.@yy.gy..y......#.
#.....^.########.####.###
........#####..........#.
#................####...#
#.............#### #..##
###....######## #..#
#.#.# #... #..# #.# #.#


You could see 3 meliai and a boggart.

Vanquished Creatures
  2 dire elephants (Lair:5)
  3 boulder beetles
  7 hydras
  An ice dragon (D:14)
  2 ogre magi (Orc:2)
  15 two-headed ogres
  An anaconda (Lair:5)
  A catoblepas (D:13)
  4 centaur warriors
  2 tengu warriors
  Urug (Lair:5)
  Amaemon (Lair:3)
  2 spectral death yaks (Lair:5)
  A spectral anaconda (Lair:5)
  3 deep trolls
  2 orc knights
  A wizard (D:15)
  3 necromancers (Lair:5)
  An oklob plant (Lair:3)
  2 manticores (D:13)
  5 cyclopes
  3 ugly things
  Joseph (Lair:1)
  A torpor snail (Lair:5)
  20 elephants
  A black mamba (shapeshifter) (D:14)
  3 gargoyles
  2 black mambas (Lair:5)
  2 cane toads (shapeshifter)
  9 cane toads
  An orange demon (Lair:3)
  8 komodo dragons
  2 unseen horrors
  4 rime drakes
  3 meliai
  13 trolls
  A tarantella (shapeshifter) (D:13)
  2 hornets
  3 polar bears (Lair:4)
  9 slime creatures
  8 dream sheep (Lair:5)
  11 blink frogs
  A spectral elephant (Lair:5)
  2 shadows
  A centaur simulacrum (D:15)
  7 wyverns
  A wraith (D:10)
  3 vampires
  A fire elemental (D:13)
  50 yaks
  4 vampire mosquitoes
  3 basilisks
  A death yak simulacrum (Lair:5)
  2 steam dragons
  2 acid dragons
  A naga (Lair:2)
  A warg (Orc:2)
  2 spectral cane toads (Lair:5)
  A two-headed ogre zombie (D:10)
  15 water moccasins
  11 orc warriors
  2 elephant zombies (Lair:5)
  3 black bears
  22 ogres
  3 boggarts (D:15)
  11 wolves (Lair:2)
  12 centaurs
  An elephant skeleton (Lair:5)
  4 phantoms
  13 bullfrogs
  A gnoll sergeant (D:10)
  6 scorpions
  A water moccasin zombie (D:5)
  8 wights (D:8)
  6 killer bees (D:7)
  A troll zombie (D:10)
  3 elephant simulacra (Lair:5)
  4 howler monkeys
  2 jellies
  2 bullfrog zombies (D:5)
  6 hounds
  3 iguanas
  10 orc priests
  A gnoll bouda (D:8)
  28 orc wizards
  4 hell rats (Lair:2)
  6 ogre zombies (D:10)
  A hound zombie (D:5)
  A howler monkey zombie (D:5)
  8 gnolls
  8 adders
  A shadow imp (D:5)
  3 white imps
  2 ufetubi
  An adder zombie (D:5)
  4 worms
  5 dart slugs
  64 orcs
  9 endoplasms
  A giant cockroach (D:1)
  10 goblins
  7 hobgoblins
  13 jackals
  A quokka (D:2)
  2 ball pythons (D:1)
  2 bats (D:1)
  2 frilled lizards
  6 goblin zombies (D:10)
  3 hobgoblin zombies (D:10)
  6 kobolds
  3 orc skeletons (D:10)
  13 orc zombies (D:10)
  3 rats
618 creatures vanquished.

Vanquished Creatures (others)
  56 fungi
  80 plants
  20 withered plants
156 creatures vanquished.

Grand Total: 774 creatures vanquished

Notes
Turn   | Place    | Note
-------+----------+-------------------------------------------
     0 | D:1      | LabCoat the Hill Orc Fighter began the quest for the Orb.
     0 | D:1      | Reached XP level 1. HP: 19/19 MP: 1/1
   186 | D:1      | Reached skill level 3 in Axes
   187 | D:1      | Reached XP level 2. HP: 17/27 MP: 2/2
   511 | D:1      | Reached XP level 3. HP: 10/33 MP: 3/3
   797 | D:1      | You fall into a shaft and drop 1 floor!
  1080 | D:2      | Reached skill level 4 in Axes
  1080 | D:2      | Reached XP level 4. HP: 32/40 MP: 4/4
  1333 | D:2      | Reached skill level 1 in Throwing
  1991 | D:3      | Reached skill level 1 in Evocations
  2209 | D:3      | Found an iron altar of Okawaru.
  2343 | D:3      | Reached XP level 5. HP: 42/46 MP: 5/5
  2866 | D:4      | Reached skill level 5 in Axes
  2866 | D:4      | Reached XP level 6. HP: 52/53 MP: 6/6
  2995 | D:4      | Found a radiant altar of Vehumet.
  3166 | D:4      | Noticed a black bear
  3172 | D:4      | Killed a black bear
  3510 | D:4      | Identified the ring of Pyplumid {rElec Will++ AC+4 Int+2
                  | Dex-3}
  3850 | D:5      | Entered Level 5 of the Dungeon
  3867 | D:5      | Reached XP level 7. HP: 60/60 MP: 7/7
  3921 | D:5      | Reached skill level 6 in Axes
  4044 | D:5      | Reached skill level 5 in Fighting
  4155 | D:5      | Found an ancient bone altar of Kikubaaqudgha.
  4511 | D:5      | Reached XP level 8. HP: 68/68 MP: 8/8
  4512 | D:5      | Found a basalt altar of Yredelemnul.
  4529 | D:5      | Reached skill level 5 in Shields
  4536 | D:5      | Reached skill level 7 in Axes
  4552 | D:5      | Reached skill level 5 in Armour
  5381 | D:5      | Found a sacrificial altar of Ru.
  5385 | D:5      | Found a glowing golden altar of the Shining One.
  5386 | D:5      | Found a stormy altar of Qazlal.
  5410 | D:5      | Found a shadowy altar of Dithmenos.
  5443 | D:5      | Found a hazy altar of Hepliaklqana.
  6037 | D:6      | Reached skill level 8 in Axes
  6171 | D:6      | Found a burning altar of Makhleb.
  6487 | D:7      | Noticed a wyvern
  6500 | D:7      | Killed a wyvern
  6501 | D:7      | Reached XP level 9. HP: 55/75 MP: 9/9
  6678 | D:7      | Found Cymodoth's Jewellery Shoppe.
  6946 | D:7      | Reached skill level 9 in Axes
  7516 | D:7      | Bought an amulet of reflection for 360 gold pieces
  7570 | D:7      | Found a staircase to the Ecumenical Temple.
  7576 | Temple   | Entered the Ecumenical Temple
  8000 | D:8      | Reached skill level 10 in Axes
  8006 | D:8      | Reached XP level 10. HP: 81/86 MP: 10/10
  8140 | D:8      | Noticed a deep elf pyromancer
  8140 | D:8      | Noticed ababab's ghost (novice FeEn)
  8153 | D:8      | Found a transporter.
  8173 | D:8      | Found a transporter.
  8342 | D:8      | Noticed a two-headed ogre
  8357 | D:8      | Killed a two-headed ogre
  8358 | D:8      | Reached skill level 5 in Evocations
  8360 | D:8      | Reached skill level 5 in Throwing
  8719 | D:9      | Noticed a two-headed ogre
  8731 | D:9      | Reached skill level 11 in Axes
  8736 | D:9      | Killed a two-headed ogre
  9099 | D:9      | Found Xynn's Book Shoppe.
  9165 | D:9      | Reached XP level 11. HP: 81/94 MP: 11/11
  9362 | D:9      | Reached skill level 12 in Axes
  9703 | D:10     | Entered Level 10 of the Dungeon
  9703 | D:10     | Found Iptoak's Book Emporium.
  9747 | D:10     | Found a bloodstained altar of Trog.
  9755 | D:10     | Became a worshipper of Trog the Wrathful
  9995 | D:10     | Found Baikifrydgh's Weapon Emporium.
 10018 | D:10     | Noticed a cyclops
 10035 | D:10     | Killed a cyclops
 10292 | D:10     | Reached * piety under Trog
 10331 | D:10     | Found a staircase to the Orcish Mines.
 10440 | D:10     | Found Hosuxzed's Antique Armour Boutique.
 10445 | D:10     | Bought a pair of boots for 94 gold pieces
 10528 | D:10     | Found a broken altar of Ashenzari.
 10563 | D:10     | Reached ** piety under Trog
 10728 | D:10     | Found Irumnu's Weapon Shop.
 10845 | D:10     | Found Esioninn's Antique Weapon Shoppe.
 10931 | D:10     | Found a portal to a secret trove of treasure.
 11145 | D:11     | Noticed a two-headed ogre
 11158 | D:11     | Killed a two-headed ogre
 11162 | D:11     | Reached skill level 13 in Axes
 11227 | D:11     | Found a staircase to the Lair.
 11250 | D:11     | Noticed a boulder beetle
 11278 | D:11     | Killed a boulder beetle
 11829 | D:11     | Reached XP level 12. HP: 100/104 MP: 12/12
 12378 | Lair:1   | Entered Level 1 of the Lair of Beasts
 12482 | Lair:1   | Noticed Joseph
 12494 | Lair:1   | Killed Joseph
 12615 | Lair:1   | Found a runed translucent gate.
 12615 | Lair:1   | Found a runed translucent gate.
 12615 | Lair:1   | Found a runed translucent gate.
 12619 | Lair:1   | Noticed Ordine's ghost (novice FeSu)
 12619 | Lair:1   | Noticed dvd2's ghost (novice SpEE)
 12619 | Lair:1   | Noticed Bauqient's ghost (journeyman MfSu)
 12836 | Lair:1   | You fall into a shaft and drop 1 floor!
 12906 | Lair:2   | Found a staircase to the Snake Pit.
 13298 | Lair:2   | Reached skill level 14 in Axes
 13447 | Lair:2   | Noticed a five-headed hydra
 13456 | Lair:2   | Killed a five-headed hydra
 13473 | Lair:2   | Found a dark tunnel.
 13970 | Lair:2   | Reached skill level 10 in Fighting
 14150 | Lair:3   | Noticed Amaemon
 14209 | Lair:3   | Reached *** piety under Trog
 14775 | Lair:3   | Killed Amaemon
 14888 | Lair:3   | Noticed a four-headed hydra
 14899 | Lair:3   | Killed a four-headed hydra
 15132 | Lair:3   | Found a staircase to the Shoals.
 15388 | Lair:4   | Found a runed translucent door.
 15388 | Lair:4   | Found a shimmering altar of Xom.
 15388 | Lair:4   | Noticed Nubia's ghost (journeyman GnEn)
 15427 | Lair:4   | Reached skill level 15 in Axes
 15427 | Lair:4   | Reached XP level 13. HP: 113/114 MP: 13/13
 15856 | Lair:4   | Found a runed translucent door.
 15857 | Lair:4   | Found a viscous altar of Jiyva.
 15857 | Lair:4   | Noticed an azure jelly
 15858 | Lair:4   | Noticed an azure jelly
 16078 | Lair:4   | Reached skill level 10 in Armour
 16088 | Lair:4   | Reached skill level 10 in Shields
 16299 | Lair:4   | Found a staircase to the Slime Pits.
 16463 | Lair:5   | Entered Level 5 of the Lair of Beasts
 16736 | Lair:5   | Reached **** piety under Trog
 16947 | Lair:5   | Reached skill level 16 in Axes
 17623 | Lair:5   | Noticed a dire elephant
 17623 | Lair:5   | Noticed a dire elephant
 17830 | Lair:5   | Reached XP level 14. HP: 78/124 MP: 14/14
 17847 | Lair:5   | Noticed Urug
 18135 | Lair:5   | Killed Urug
 18495 | Lair:5   | Reached ***** piety under Trog
 19169 | Lair:5   | Gained mutation: You are clumsy. (Dex -2) [a neqoxec]
 19652 | Lair:5   | Reached skill level 17 in Axes
 20028 | Lair:5   | Killed a dire elephant
 20031 | Lair:5   | Killed a dire elephant
 20374 | Orc:1    | Entered Level 1 of the Orcish Mines
 20778 | Orc:1    | You fall into a shaft and drop 1 floor!
 20778 | Orc:2    | Entered Level 2 of the Orcish Mines
 20862 | Orc:2    | Found a roughly hewn altar of Beogh.
 21778 | Orc:2    | Found Noixuk's General Store.
 21779 | Orc:2    | Found Ejemorusi's Antique Armour Emporium.
 21785 | Orc:2    | Found Deawk's Book Boutique.
 21800 | Orc:2    | Found Ockas's Distillery.
 21805 | Orc:2    | Reached skill level 18 in Axes
 21816 | Orc:2    | Reached skill level 10 in Evocations
 21816 | Orc:2    | Reached XP level 15. HP: 120/134 MP: 15/15
 21825 | Orc:2    | Found Palistra's Distillery.
 22047 | Orc:2    | Found a staircase to the Elven Halls.
 23061 | D:12     | Found a stormy altar of Qazlal.
 23274 | D:13     | Found Agekkas's Distillery.
 24662 | D:13     | Reached ****** piety under Trog
 25562 | D:14     | Found a gate to the Vaults.
 26136 | D:15     | Entered Level 15 of the Dungeon
 26207 | D:15     | Reached skill level 10 in Throwing
 26244 | D:15     | Found a glowing silver altar of Zin.
 26244 | D:15     | Found a white marble altar of Elyvilon.
 26245 | D:15     | Found a glowing golden altar of the Shining One.
 26531 | D:15     | HP: 2/138 [meliai/divine providence[a boggart] (10)]
 26532 | D:15     | Killed from afar by a meliai

Illustrated notes

Levels and vault maps discovered:
D:1:      tarquinn_simple_flora_water_a, layout_rooms
D:2:      layout_basic
D:3:      layout_loops_ring, amcnicky_altar_gilded, hex_medium
D:4:      layout_basic, fiery_altar_vehumet
D:5:      layout_loops_corners, kiku_gazebo_garden_becter,
          nicolae_dithmenos_through_a_glass_darkly,
          nicolae_yredelemnul_corpse_copse, worldfamousw_hep_ancestral_shrine,
          grunt_temple_overflow_open, minmay_quadrilaterals
D:6:      layout_gridville, bloody_makhleb
D:7:      layout_basic, minmay_temple_entry_enclosed_plants, serial_shops,
          shop_fountains
D:8:      layout_rooms, serial_curves, eino_curves_02, eino_curves_03,
          nzn_ghost_randoct, hangedman_abyss_or_decor_clamps
D:9:      layout_basic, serial_shops, nicolae_shop_statue_plus
D:10:     layout_loops_cross, lemuel_crystal_altar,
          mainiacjoe_overflow_tiny_flanked, zombieorc2_lemuel, serial_shops,
          shop, nicolae_shop_overgrown_old_shop,
          nicolae_shop_temple_entry_statues_fountains,
          nicolae_shop_bloodbath_and_beyond, shop, nicolae_trove_entry_columns,
          minmay_misc_feat_room, nrook_campfire, amethyst_killhole
D:11:     layout_roguey, due_lair_maze_entry_diamond, serial_rivers,
          chequers_serial_rivers_micro_c, chequers_serial_rivers_micro_e,
          chequers_serial_rivers_micro_d, chequers_serial_rivers_micro_b,
          chequers_serial_rivers_micro_d, chequers_serial_rivers_small_3
D:12:     layout_irregular_city, solitary_fountain,
          nicolae_qazlal_eye_of_the_storm
D:13:     minmay_wavy_crystal, layout_long_grid, serial_shops,
          nicolae_shop_crystal, kennysheep_opposing_triangles
D:14:     layout_long_grid, david_vaults_4
D:15:     hangedman_depths_entry_try_elsewhere_first, layout_loops_ring,
          good_gods_temple_1, minmay_misc_feat_hallway, minivault_16,
          chequers_serial_rivers_small_b
Temple:   nicolae_temple_bog_church
Lair:1:   layout_hall_layers, gammafunk_ghost_cemetery, minivault_26,
          infiniplex_staircase_pool, uniq_joseph
Lair:2:   beast_lair_carwin_large_1, layout_chaotic_city,
          guppyfry_snake_entry_garden, lightli_volcano_entry_magma_tube,
          infiniplex_staircase_pool_2
Lair:3:   layout_cave_pods, elwin_shoals_entry_rocks, uniq_amaemon
Lair:4:   layout_hall_layers, slime_entry_2, ebering_ghost_xom,
          cheibrodos_lair_lostbears
Lair:5:   due_jungle_book, layout_cave_pods, nicolae_quartered_pool_little,
          uniq_urug
Orc:1:    layout_caves
Orc:2:    st_orc_open, layout_caves, serial_shops, shop, basic_altar

Skill      XL: |  1  2  3  4  5  6  7  8  9 10 11 12 13 14 15 |
---------------+----------------------------------------------+-----
Axes           | 3 4 5 6 8 10 11 13 15 16 18 | 18.0
Throwing       | 1 2 3 4 5 6 7 8 9 10 | 10.0
Fighting       | 4 5 6 7 8 9 10 11 12 14 | 14.0
Evocations     | 1 2 3 4 5 6 8 9 10 | 10.7
Shields        | 4 5 6 7 8 9 10 11 12 | 12.3
Armour         | 4 5 6 7 8 9 10 11 12 | 12.3

Action                   |  1- 3 |  4- 6 |  7- 9 | 10-12 | 13-15 || total
-------------------------+-------+-------+-------+-------+-------++-------
Melee: War axe           |    99 |   123 |   380 |   510 |   912 ||  2024
       Morningstar       |       |       |       |    25 |    29 ||    54
Throw: Dart              |    15 |     3 |       |       |    32 ||    50
       Boomerang         |       |    37 |    28 |    46 |    12 ||   123
       Javelin           |       |       |       |       |     9 ||     9
Invok: Berserk           |       |       |       |     6 |     5 ||    11
       Trog's Hand       |       |       |       |       |     1 ||     1
       Brothers in Arms  |       |       |       |       |     1 ||     1
Evoke: Wand              |       |       |     5 |    30 |    45 ||    80
  Use: Scroll            |     3 |     5 |     5 |    11 |    10 ||    34
       Potion            |     1 |     1 |     5 |     2 |     7 ||    16
 Stab: Paralysed         |       |       |     5 |     7 |     3 ||    15
       Invisible         |       |       |       |     2 |     5 ||     7
       Petrified         |       |       |       |       |     2 ||     2
Armor: Scale mail        |    48 |       |       |       |       ||    48
       Chain mail        |     4 |    58 |       |       |       ||    62
       Plate armour      |       |     9 |   331 |   313 |   571 ||  1224
Dodge: Dodged            |    47 |    26 |    96 |   100 |   215 ||   484
Block: Buckler           |    20 |       |       |       |       ||    20
       Kite shield       |     2 |    45 |   224 |   433 |   689 ||  1393
       Reflection        |       |       |       |     6 |    18 ||    24
